cohdb
Replays
Latest Replays
All Replays
Popular Replays
Top Player Replays
Match Explorer
How It Works
Community
CoH3 Stats
Reddit
Sign in to upload your games and track your stats! →
Sign in with Steam
Match 43166329
Unlisted
Match 43166329
Overview
Messages
Build Orders
End
Selects Special Operations Battlegroup
Selects Special Operations Battlegroup
Selects Special Operations Battlegroup
Selects M29 Weasel Recon Vehicle
Engineer Squad
M29 Weasel Recon Vehicle
Construct Weapon Support Center
M1919 Machine Gun Team
Bazooka Squad
M1919 Machine Gun Team
Infantry Support Center
Selects Raiding Flares
M3 Armored Personnel Carrier
M3 Armored Personnel Carrier
M3 Armored Personnel Carrier
Selects SSF Commando Squad
SSF Commando Squad
Advanced Logistics
Survival Training
Munitions Surplus
Forward Retreat Point
Improved M9 Bazooka Rockets
SSF Commando Squad
SSF Commando Squad
Selects P-47 Anti-Infantry Loiter
P-47 Anti-Infantry Loiter
SSF Commando Squad
米浴
JT
子清
陈浩南
Karadoc
优势
Team saupiquet
Clara
0
0
Comments
sign in to comment!
No comments posted yet!